 Dungeon Crawl Stone Soup version 0.28.0-47-ge53b351184 (webtiles) character file.

Game seed: 2857917968499430149

11 Cruo the Chopper (level 2, -1/27 HPs)
             Began as a Minotaur Chaos Knight on May 3, 2022.
             Was a Plaything of Xom.
             Slain by a worm (15 damage)
             ... on level 2 of the Dungeon.
             The game lasted 00:00:52 (326 turns).

Cruo the Chopper (Minotaur Chaos Knight)             Turns: 326, Time: 00:00:53

Health: -1/27      AC:  5    Str: 16    XL:     2   Next: 17%
Magic:  1/1        EV: 11    Int:  9    God:    Xom [..*...]
Gold:   10         SH:  0    Dex:  9    Spells: 1/1 levels left

rFire   . . .      SeeInvis .   a - +0 hand axe (chaos)
rCold   . . .      Faith    .   (no shield)
rNeg    . . .      Spirit   .   b - +2 leather armour
rPois   .          Reflect  .   (helmet restricted)
rElec   .          Harm     .   (no cloak)
rCorr   .          Rampage  .   (no gloves)
Will    .....                   (no boots)
Stlth   +.........              (no amulet)
HPRegen 0.09/turn               (no ring)
MPRegen 0.07/turn               (no ring)

@: no status effects
A: horns 2, retaliatory headbutt
a: Renounce Religion


You were on level 2 of the Dungeon.
You worshipped Xom.
You were a toy of Xom.
You visited 1 branch of the dungeon, and saw 2 of its levels.

You collected 10 gold pieces.

Inventory:

Hand Weapons
 a - a +0 hand axe of chaos (weapon)
Armour
 b - a +2 leather armour (worn)


   Skills:
 + Level 3.9 Fighting
 * Level 4.2 Axes
 - Level 2.4 Armour
 - Level 1.1 Dodging


You had one spell level left.
You didn't know any spells.
Your spell library was empty.

Dungeon Overview and Level Annotations

Branches:
Dungeon (1/15)

Altars:


Innate Abilities, Weirdness & Mutations

You have a pair of horns on your head.
You reflexively headbutt those who attack you in melee.


Message History

The adder closely misses you. You furiously retaliate!
You headbutt the adder! You hit the adder but do no damage.
The adder is poisoned.
Your headbutt misses the adder.
The adder is severely wounded.
The adder bites you. The adder bites you but does no damage.
You closely miss the adder.
The adder is severely wounded.
The adder closely misses you.
You barely miss the adder.
The adder is severely wounded.
You kill the adder!
Your Axes skill increases to level 4!
You have reached level 2!
Found a scroll labelled OWAECO BIET.
A ball python and a worm come into view.
The ball python hisses angrily.
A bat comes into view.
You hit the ball python.
You kill the ball python!
The bat hits you but does no damage.
You closely miss the bat. The bat hits you but does no damage.
The bat hits you.
There is a stone staircase leading down here.
You see here a ball python corpse.
The bat barely misses you. x2; The bat closely misses you.
You furiously retaliate!
You headbutt the bat.
You kill the bat!
You hit the worm but do no damage. You barely miss the worm.
You headbutt the worm.
The worm is moderately wounded.
The worm bites you!
You hit the worm.
The worm goes berserk!
You headbutt the worm.
The worm is heavily wounded.
The worm closely misses you.
You hit the worm but do no damage.
The worm is moderately wounded.
The worm bites you!
Ouch! That really hurt!
You die... "What!?
That's it?"

#......# #.#
#.# #.# #.# ##
#.# #..
#.#######
#...###........
#...w@>........
#...########...
..... .? #...
###


You could see a worm (berserk).

Vanquished Creatures
  An adder (D:2)
  A ball python (D:2)
  2 bats
  A rat (D:1)
5 creatures vanquished.

Notes
Turn   | Place    | Note
-------+----------+-------------------------------------------
     0 | D:1      | Cruo the Minotaur Chaos Knight began the quest for the Orb.
     0 | D:1      | Reached XP level 1. HP: 19/19 MP: 0/0
    61 | D:1      | XOM: potion effect (haste)
    62 | D:1      | XOM: smoke on damage
   299 | D:1      | XOM: silly message
   306 | D:1      | You fall into a shaft and drop 1 floor!
   312 | D:2      | Reached skill level 4 in Axes
   312 | D:2      | Reached XP level 2. HP: 23/27 MP: 1/1
   326 | D:2      | Slain by a worm

Illustrated notes

Levels and vault maps discovered:
D:1:      evilmike_arrival_rings, layout_basic, minmay_misc_feat_doors
D:2:      layout_basic, chequers_decorated_corner

Skill      XL: |  1 |
---------------+----+-----
Axes           | 4 |  4.2
Fighting       | |  3.9
Armour         | |  2.4
Dodging        | |  1.1

Action                   || total
-------------------------++-------
Melee: Hand axe          ||    12
       Headbutt          ||     2
Armor: Leather armour    ||     8
Dodge: Dodged            ||    11
